 Dungeon Crawl Stone Soup version 0.29-a0-243-g602b31c20e (webtiles) character file.

Game seed: 13420403573510732862

11 dolemite99 the Magician (level 2, -1/20 HPs)
             Began as a Gnoll Hedge Wizard on Mar 5, 2022.
             Slain by a gnoll
             ... wielding a +0 flail
              (11 damage)
             ... on level 1 of the Dungeon.
             The game lasted 00:01:02 (1175 turns).

dolemite99 the Magician (Gnoll Hedge Wizard)        Turns: 1175, Time: 00:01:03

Health: -1/20      AC:  2    Str:  9    XL:     2   Next: 29%
Magic:  6/10       EV: 13    Int: 13    God:
Gold:   99         SH:  0    Dex: 11    Spells: 14/15 levels left

rFire   . . .      SeeInvis .   f - +0 spear
rCold   . . .      Faith    .   (no shield)
rNeg    . . .      Spirit   .   b - +0 robe
rPois   .          Reflect  .   c - +0 hat
rElec   .          Harm     .   (no cloak)
rCorr   .          Rampage  .   (no gloves)
Will    .....                   (no boots)
Stlth   ++........              (no amulet)
HPRegen 0.06/turn               j - ring of flight
MPRegen 0.12/turn               (no ring)

@: flying
A: fangs 1, strong nose, distributed training
a: no special abilities


You were on level 1 of the Dungeon.
You visited 1 branch of the dungeon, and saw 2 of its levels.

You collected 99 gold pieces.

Inventory:

Hand Weapons
 a - a +0 dagger
 f - a +0 spear (weapon)
 h - a +0 dagger
 l - a +0 hunting sling
Missiles
 e - 61 stones
 g - 5 datura-tipped darts
 m - 4 poisoned darts
Armour
 b - a +0 robe (worn)
 c - a +0 hat (worn)
Jewellery
 j - a ring of flight (left hand)
Scrolls
 d - a scroll of teleportation {unknown}
 k - 2 scrolls of enchant weapon {unknown}
Potions
 i - a potion of haste {unknown}


   Skills:
 + Level 0.3 Fighting
 + Level 0.3 Short Blades
 + Level 0.3 Long Blades
 + Level 0.3 Axes
 + Level 0.3 Maces & Flails
 + Level 0.3 Polearms
 + Level 0.3 Staves
 + Level 0.3 Slings
 + Level 0.3 Bows
 + Level 0.3 Crossbows
 + Level 0.3 Throwing
 + Level 0.3 Armour
 + Level 4.4 Dodging
 + Level 4.0 Stealth
 + Level 0.3 Shields
 + Level 0.3 Unarmed Combat
 + Level 7.1 Spellcasting
 + Level 2.0 Conjurations
 + Level 0.2 Hexes
 + Level 2.0 Summonings
 + Level 0.2 Necromancy
 + Level 2.0 Translocations
 + Level 0.2 Transmutations
 + Level 0.2 Fire Magic
 + Level 0.2 Ice Magic
 + Level 0.2 Air Magic
 + Level 0.2 Earth Magic
 + Level 0.2 Poison Magic
 + Level 0.4 Invocations
 + Level 0.3 Evocations


You had 14 spell levels left.
You knew the following spells:

 Your Spells              Type           Power      Damage    Failure   Level
a - Magic Dart            Conj           36%        1d4       7%          1

Your spell library contained the following spells:

 Spells                   Type           Power      Damage    Failure   Level
 Blink                    Tloc           18%        N/A       10%         2
 Call Imp                 Summ           9%         N/A       10%         2
 Slow                     Hex            20%        N/A       14%         1
 Conjure Flame            Conj/Fire      7%         6-21      28%         3
 Mephitic Cloud           Conj/Pois/Air  6%         N/A       32%         3


Dungeon Overview and Level Annotations

Branches:
Dungeon (2/15)

Altars:


Innate Abilities, Weirdness & Mutations

You have very sharp teeth.
Your uncanny sense of smell can sniff out nearby items.
Your experience applies equally to all skills.


Message History

You hear an angry hiss.
There is a stone staircase leading up here.
Casting: Magic Dart (safe; 7% risk of failure)
Confirm with . or Enter, or press ? or * to list all spells.
Aiming: Magic Dart (safe; 7% risk of failure)
Press: ? - help, Shift-Dir - straight line, f - gnoll
Aim: a gnoll, wielding a +0 flail (100% to hit)
The magic dart hits the gnoll.
The gnoll is lightly wounded.
The gnoll shouts!
The ball python hisses angrily.
Casting: Magic Dart (safe; 7% risk of failure)
Confirm with . or Enter, or press ? or * to list all spells.
Aiming: Magic Dart (safe; 7% risk of failure)
Press: ? - help, Shift-Dir - straight line, f/p - gnoll
Aim: a gnoll, wielding a +0 flail (lightly wounded, 100% to hit)
The magic dart hits the gnoll.
The gnoll is heavily wounded.
The gnoll hits you with a +0 flail!
Ouch! That really hurt!
The kobold throws a stone.
The stone hits you but does no damage.
You fly upwards.
There is a stone staircase leading down here.
Casting: Magic Dart (safe; 7% risk of failure)
Confirm with . or Enter, or press ? or * to list all spells.
Aiming: Magic Dart (safe; 7% risk of failure)
Press: ? - help, Shift-Dir - straight line, f - gnoll
Aim: a gnoll, wielding a +0 flail (heavily wounded, 100% to hit)
The magic dart hits the gnoll.
The gnoll is heavily wounded.
The gnoll barely misses you.
Casting: Magic Dart (safe; 7% risk of failure)
Confirm with . or Enter, or press ? or * to list all spells.
Aiming: Magic Dart (safe; 7% risk of failure)
Press: ? - help, Shift-Dir - straight line, f/p - gnoll
Aim: a gnoll, wielding a +0 flail (heavily wounded, 100% to hit)
The magic dart hits the gnoll.
The gnoll is severely wounded.
The gnoll hits you with a +0 flail!
Ouch! That really hurt!
You die...

#.....####.#.##..#.##.
####.#######..........##.
#.....................)..
#..#######..............#
#### ###...........).#รท
#..............#..
#######.............#..)
#................)..####
#.....g@............#
#.........###########
#.........# #.........#
#.........# #.........#
#.........# ###########


You could see a gnoll.

Vanquished Creatures
  2 hobgoblins (D:1)
  2 kobolds (D:1)
  2 ball pythons (D:1)
  A frilled lizard (D:1)
  2 goblins (D:1)
  2 rats (D:1)
11 creatures vanquished.

Notes
Turn   | Place    | Note
-------+----------+-------------------------------------------
     0 | D:1      | dolemite99 the Gnoll Hedge Wizard began the quest for the
                  | Orb.
     0 | D:1      | Reached XP level 1. HP: 13/13 MP: 8/8
   691 | D:1      | Reached XP level 2. HP: 19/19 MP: 5/10
  1175 | D:1      | Slain by a gnoll

Illustrated notes

Levels and vault maps discovered:
D:1:      eino_arrival_druids_welcome, layout_rooms, st_stairs_4, minivault_26
D:2:      layout_rooms, shapermc_ecumenical_altar_mp_vishouse, basic_altar,
          uniq_natasha

Skill      XL: |  1 |
---------------+----+-----
Conjurations   | 2 |  2.0
Summonings     | 2 |  2.0
Translocations | 2 |  2.0
Fighting       | |  0.3
Short Blades   | |  0.3
Long Blades    | |  0.3
Axes           | |  0.3
Maces & Flails | |  0.3
Polearms       | |  0.3
Staves         | |  0.3
Slings         | |  0.3
Bows           | |  0.3
Crossbows      | |  0.3
Throwing       | |  0.3
Armour         | |  0.3
Dodging        | |  4.4
Stealth        | |  4.0
Shields        | |  0.3
Unarmed Combat | |  0.3
Spellcasting   | |  7.1
Hexes          | |  0.2
Necromancy     | |  0.2
Transmutations | |  0.2
Fire Magic     | |  0.2
Ice Magic      | |  0.2
Air Magic      | |  0.2
Earth Magic    | |  0.2
Poison Magic   | |  0.2
Invocations    | |  0.4
Evocations     | |  0.3

Action                   || total
-------------------------++-------
Melee: Spear             ||     5
 Cast: Magic Dart        ||    28
Armor: Robe              ||     2
Dodge: Dodged            ||     6

Table legend: (Time is in decaauts)
 A = Elapsed time spent in this place.
 B = Non-inter-level travel time spent in this place.
 C = Inter-level travel time spent in this place.
 D = Time resting spent in this place.
 E = Time spent auto-exploring this place.
 F = Levels seen in this place.
 G = Mean time per level.
                   A        B        C        D        E       F      G
               +--------+--------+--------+--------+--------+-----+--------+
         Total |   1176 |   1129 |     47 |    585 |    373 |   2 |  588.0 |
       Dungeon |   1176 |   1129 |     47 |    585 |    373 |   2 |  588.0 |
               +--------+--------+--------+--------+--------+-----+--------+

Top non-repeatable levels by time:
     D:1: 1167 daAuts
     D:2: 9 daAuts
